 Dungeon Crawl Stone Soup version 0.20-a0-809-gaf7f668 (webtiles) character file.

233 Gorglomux the Sneak (level 6, 0/39 HPs)
             Began as an Octopode Wizard on Mar 4, 2017.
             Slain by a bullfrog skeleton (2 damage)
             ... on level 4 of the Dungeon.
             The game lasted 00:08:49 (4164 turns).

Gorglomux the Sneak (Octopode Wizard)               Turns: 4164, Time: 00:08:50

Health: 0/39       AC:  1    Str:  6    XL:     6   Next: 5%
Magic:  4/11       EV: 13    Int: 23    God:
Gold:   121        SH:  0    Dex: 10    Spells: 1/12 levels left

rFire    . . .     SeeInvis .   y - -1 falchion (curse)
rCold    . . .     Gourm    .   (no shield)
rNeg     . . .     Faith    .   a - +0 hat
rPois    .         Spirit   .   (no amulet)
rElec    .         Reflect  .   (no ring)
rCorr    .         Harm     .   (no ring)
MR       .....                  (no ring)
Stlth    +++.......             (no ring)
Regen    0.2/turn               (no ring)
MPRegen  0.2/turn               (no ring)
                                (no ring)
                                (no ring)

@: very slightly contaminated, fainting
A: almost no armour, stealthy swim, amphibious, 8 rings, constrict 8, camouflage
1, gelatinous body 1
a: no special abilities


You were on level 4 of the Dungeon.
You were fainting.

You visited 1 branch of the dungeon, and saw 4 of its levels.

You collected 121 gold pieces.

Inventory:

Hand Weapons
 d - a +0 short sword
 y - a cursed -1 falchion (weapon)
Armour
 a - a +0 hat (worn)
Jewellery
 x - a cursed ring of teleportation {unknown}
Scrolls
 h - a scroll of amnesia {unknown}
 j - a scroll of immolation {unknown}
 k - a scroll of teleportation {unknown}
 q - a scroll of fear {unknown}
 r - a scroll of recharging {unknown}
 z - 2 scrolls of magic mapping {unknown}
 B - a scroll of blinking
 C - 4 scrolls of remove curse {unknown}
 E - 2 scrolls of identify {unknown}
Potions
 g - a potion of invisibility {unknown}
 m - a potion of haste {unknown}
 n - 3 potions of mutation {unknown}
 o - a potion of magic {unknown}
 p - a potion of agility {unknown}
 s - a potion of cancellation {unknown}
 u - a potion of lignification {unknown}
 D - a potion of curing {unknown}
Books
 b - a book of Minor Magic

   Spells                             Type                      Level
   a - Magic Dart                     Conjuration                  1
   b - Blink                          Translocation                2
   c - Call Imp                       Summoning                    2
   d - Slow                           Hexes                        2
   e - Conjure Flame                  Conjuration/Fire             3
   f - Mephitic Cloud                 Conjuration/Poison/Air       3
Comestibles
 c - 3 bread rations
 t - 5 meat rations
 w - 2 royal jellies
 A - 3 fruits


   Skills:
 + Level 1.8 Fighting
 + Level 2.8 Dodging
 + Level 4.6 Stealth
 + Level 3.6 Spellcasting
 + Level 2.4 Conjurations
 - Level 1.0 Summonings
 - Level 1.0 Translocations
 + Level 1.9 Fire Magic
 + Level 0.8 Poison Magic


You had one spell level left.
You knew the following spells:

 Your Spells              Type           Power        Failure   Level  Hunger
a - Magic Dart            Conj           ###.         4%          1    None
b - Call Imp              Summ           #.......     14%         2    #......
d - Blink                 Tloc           N/A          14%         2    #......
j - Conjure Flame         Conj/Fire      ##......     14%         3    ###....
m - Mephitic Cloud        Conj/Pois/Air  #.......     21%         3    ###....


Dungeon Overview and Level Annotations

Branches:
Dungeon (4/15)
 Temple: D:4-7

Altars:
Cheibriados
Fedhas
The Shining One

Shops:
D:4 (

Annotations:
D:2 exclusion: oklob plant


Innate Abilities, Weirdness & Mutations

You cannot wear most types of armour.
You are very stealthy in the water. (Stealth+)
You are amphibious.
You can wear up to eight rings at the same time.
You can use your tentacles to constrict eight enemies at once.
Your skin changes colour to match your surroundings (Stealth+).
Your rubbery body absorbs attacks. (AC +1, EV +1)


Message History

* * * LOW HITPOINT WARNING * * *
The hungry ghost hits you.
* * * LOW HITPOINT WARNING * * *
You feel slightly more hungry. The bullfrog skeleton hits you.
* * * LOW HITPOINT WARNING * * *
You don't have the energy to cast that spell.
You hit the bullfrog skeleton but do no damage.
Your grab misses the bullfrog skeleton.
The bullfrog skeleton is moderately damaged.
The bullfrog skeleton hits you.
* * * LOW HITPOINT WARNING * * *
The hungry ghost hits you.
* * * LOW HITPOINT WARNING * * *
You feel slightly more hungry.
You barely miss the bullfrog skeleton. You grab the bullfrog skeleton.
The bullfrog skeleton is moderately damaged.
You constrict the bullfrog skeleton. The bullfrog skeleton hits you.
* * * LOW HITPOINT WARNING * * *
The hungry ghost misses you. The bullfrog skeleton hits you.
You die...

#..# #..# ##.## ############ #..#
#..........# #..#
#..........####.# ###
#..........#....## ..###
##............#... #...#
#@.##.######.##.#. ###.##
###WZ##.###....##... # #..#
##...###.....###..... # ##.#
#<)#.##.............. # #.#
##.#..#...######.#.... ## #.##
##..#......###......#..
.###..#####..#..#..........####..
........5.............###### #..
.####..∩.####.....##### #..


You could see a hungry ghost and a bullfrog skeleton.

Vanquished Creatures
  A hound (D:4)
  A worker ant (D:4)
  9 adders
  A howler monkey skeleton (D:4)
  An ooze (D:2)
  2 dart slugs
  2 leopard geckos (D:2)
  2 orcs (D:3)
  10 bats
  2 giant cockroaches
  9 goblins
  6 hobgoblins
  4 jackals (D:2)
  8 kobolds
  2 quokkas (D:2)
  A ball python (D:1)
  4 frilled lizards
  8 rats
73 creatures vanquished.

Vanquished Creatures (collateral kills)
  An adder (D:2)
1 creature vanquished.

Vanquished Creatures (others)
  11 toadstools (D:2)
11 creatures vanquished.

Grand Total: 85 creatures vanquished

Notes
Turn   | Place    | Note
-------+----------+-------------------------------------------
     0 | D:1      | Gorglomux the Octopode Wizard began the quest for the Orb.
     0 | D:1      | Reached XP level 1. HP: 11/11 MP: 4/4
   175 | D:1      | Reached skill level 3 in Stealth
   175 | D:1      | Reached XP level 2. HP: 6/17 MP: 6/6
   486 | D:1      | Learned a level 2 spell: Call Imp
  1051 | D:2      | Reached XP level 3. HP: 22/22 MP: 7/7
  1088 | D:2      | Learned a level 3 spell: Conjure Flame
  1113 | D:2      | Learned a level 2 spell: Blink
  1299 | D:2      | Reached skill level 1 in Fighting
  1343 | D:2      | Reached XP level 4. HP: 22/28 MP: 5/9
  1658 | D:2      | Reached skill level 1 in Fire Magic
  1982 | D:2      | Reached skill level 4 in Stealth
  2229 | D:2      | Found a glowing golden altar of the Shining One.
  2308 | D:2      | Reached XP level 5. HP: 33/33 MP: 4/10
  2417 | D:2      | Found a blossoming altar of Fedhas.
  2433 | D:2      | Noticed an oklob plant
  3066 | D:3      | Learned a level 3 spell: Mephitic Cloud
  3608 | D:4      | Found a snail-covered altar of Cheibriados.
  3611 | D:4      | Found Hyoqet's Antique Weapon Emporium.
  3680 | D:4      | Reached XP level 6. HP: 33/39 MP: 3/11
  3848 | D:4      | Noticed a hungry ghost
  3890 | D:4      | Paralysed by fainting for 6 turns
  4164 | D:4      | Slain by a bullfrog skeleton

Vault maps used:
D:1:      nicolae_arrival_memento_mori, kennysheep_nondescript
D:2:      tso_oasis_becter, tgw_fedhas
D:3:      first_bread
D:4:      grunt_gozag_breadcrumbs, serial_shops, shop, kennysheep_slug_shrine

Skill      XL: |  1  2  3  4 |
---------------+-------------+-----
Stealth        | 3 4 |  4.6
Fighting       | 1 |  1.8
Conjurations   | 2 |  2.4
Fire Magic     | 1 |  1.9
Dodging        | |  2.8
Spellcasting   | |  3.6
Summonings     | |  1.0
Translocations | |  1.0
Poison Magic   | |  0.8

Action                   |  1- 3 |  4- 6 || total
-------------------------+-------+-------++-------
Melee: Short sword       |    59 |    44 ||   103
       Constrict         |     9 |    21 ||    30
       Tentacles         |     6 |    13 ||    19
       Falchion          |       |    56 ||    56
 Cast: Magic Dart        |    37 |    68 ||   105
       Blink             |       |     7 ||     7
       Conjure Flame     |       |     3 ||     3
       Call Imp          |       |     3 ||     3
       Mephitic Cloud    |       |     1 ||     1
  Use: Scroll            |       |     1 ||     1
 Stab: Sleeping          |     9 |     2 ||    11
       Distracted        |     1 |       ||     1
       Confused          |       |     1 ||     1
  Eat: Chunk             |     1 |     8 ||     9
       Royal jelly       |       |     2 ||     2
Armor: Skin              |     2 |     9 ||    11
Dodge: Dodged            |    45 |    80 ||   125
       Rpst.: Falchion   |       |    13 ||    13
